 Dungeon Crawl Stone Soup version 0.31-a0-188-g5e087ee2ca (webtiles) character file.

Game seed: 16461234207862786959

232 qw the Skirmisher (level 5, -5/30 HPs)
             Began as a Deep Elf Hunter on June 23, 2023.
             Slain by a wyvern (12 damage)
             ... on level 5 of the Dungeon.
             The game lasted 00:00:37 (1560 turns).

qw the Skirmisher (Deep Elf Hunter)                 Turns: 1560, Time: 00:00:38

Health: -5/30      AC:  6    Str: 10    XL:     5   Next: 73%
Magic:  7/7        EV: 11    Int: 14    God:
Gold:   93         SH:  0    Dex: 18    Spells: 4/4 levels left

rFire   . . .        Y - +0 shortbow
rCold   . . .        (shield currently unavailable)
rNeg    . . .        a - +0 ring mail
rPois   .            (no helmet)
rElec   .            (no cloak)
rCorr   .            e - +0 pair of gloves
SInv    .            (no boots)
Will    .....        (no amulet)
Stlth   +            (no ring)
HPRegen 0.25/turn    (no ring)
MPRegen 0.10/turn

%: no passive effects
@: about to teleport
A: no striking features
a: no special abilities


You were on level 5 of the Dungeon.
You visited 1 branch of the dungeon, and saw 4 of its levels.

You collected 93 gold pieces.


   Skills:
 - Level 2.1 Fighting
 + Level 9.0 Ranged Weapons
 - Level 2.4 Dodging
 - Level 1.2 Stealth


You had 4 spell levels left.
You didn't know any spells.
Your spell library was empty.

Inventory:

Hand Weapons
 Y - a +0 shortbow (weapon)
Armour
 a - a +0 ring mail (worn)
 e - a +0 pair of gloves (worn)
Jewellery
 g - a ring of fire
Scrolls
 c - a scroll of torment {unknown}
 d - a scroll of revelation {unknown}
 f - a scroll of teleportation
Potions
 b - a potion of brilliance {unknown}

Dungeon Overview and Level Annotations

Branches:
Dungeon (3/15)

Altars:


Message History

A gnoll comes into view. It is wielding a +0 flail.
You shoot an arrow. The arrow closely misses the gnoll.
You shoot an arrow. The arrow closely misses the gnoll.
The wyvern hisses angrily.
The gnoll hits you but does no damage.
You shoot an arrow. The arrow hits the gnoll!
You kill the gnoll!
You shoot an arrow.
The arrow hits the gnoll but does no damage.
You shoot an arrow. The arrow hits the wyvern.
The wyvern is lightly wounded.
You shoot an arrow. The arrow hits the wyvern.
The wyvern is moderately wounded.
The wyvern bites you!
You shoot an arrow. The arrow barely misses the wyvern.
The arrow hits the gnoll but does no damage.
The wyvern bites you but does no damage.
A gnoll comes into view. It is wielding a +0 spear.
The wyvern closely misses you.
You shoot an arrow. The gnoll shouts!
The arrow hits the wyvern but does no damage.
The wyvern is moderately wounded.
The wyvern closely misses you.
You shoot an arrow. The arrow hits the wyvern.
The wyvern is moderately wounded.
The wyvern bites you! The wyvern closely misses you.
You shoot an arrow. The arrow hits the wyvern.
The wyvern is heavily wounded.
The wyvern bites you!
1559 ||| READING 2 scrolls of teleportation.
As you read the scroll of teleportation, it crumbles to dust.
You feel strangely unstable. The wyvern misses you.
The wyvern bites you but does no damage.
You shoot an arrow.
The arrow hits the wyvern but does no damage.
The wyvern is heavily wounded.
The wyvern bites you!
You die...

#. #. .# #######.
#.#.#.# ##....... #.
...#.##.#####.
#.##.##.##.# #.
#.......##.#####. .
##.#..## #.##....
....####......###...(...
....ggl@................
....####......#####...##
. ##.##.## #.......
####.# #....... #.#
#....... #.# ###...##
#.# #..... #.# #####.
#.# #.


You could see a wyvern and 2 gnolls.

Vanquished Creatures
  A phantom (D:5)
  A jelly (D:5)
  A hound (D:5)
  3 adders
  A gnoll (D:5)
  2 dart slugs
  3 endoplasms
  A giant cockroach (D:1)
  4 goblins
  7 hobgoblins
  7 jackals (D:1)
  4 quokkas
  6 ball pythons
  3 bats
  2 frilled lizards
  2 kobolds
  8 rats
56 creatures vanquished.

Notes
Turn   | Place    | Note
-------+----------+-------------------------------------------
     0 | D:1      | qw the Deep Elf Hunter began the quest for the Orb.
     0 | D:1      | Reached XP level 1. HP: 12/12 MP: 3/3
     0 | D:1      | 0 ||| qw: Version: 0.3-a-9-g12657ce
     0 | D:1      | 0 ||| qw: Game counter: 3822
     0 | D:1      | 0 ||| qw: Always use a shield: true
     0 | D:1      | 0 ||| qw: God list: Okawaru
     0 | D:1      | 0 ||| qw: Allow faded altars: false
     0 | D:1      | 0 ||| qw: Do Orc after D:15 true
     0 | D:1      | 0 ||| qw: Do second Lair branch before Depths: true
     0 | D:1      | 0 ||| qw: Lair rune preference: random
     0 | D:1      | 0 ||| qw: Plans: Normal
     0 | D:1      | 0 ||| PLANNING D:1-11
   127 | D:1      | Found a faded altar of an unknown god.
   151 | D:1      | Reached skill level 6 in Ranged Weapons
   151 | D:1      | Reached XP level 2. HP: 16/16 MP: 4/4
   387 | D:1      | Reached XP level 3. HP: 20/20 MP: 5/5
   582 | D:1      | 582 ||| UPGRADING to +0 pair of gloves.
   587 | D:1      | 587 ||| READING scroll labelled BISSIM ADAAKH.
   588 | D:1      | 588 ||| DROPPING scroll of butterflies.
   628 | D:2      | Reached skill level 7 in Ranged Weapons
   869 | D:2      | Reached XP level 4. HP: 25/25 MP: 6/6
  1159 | D:2      | 1159 ||| UPGRADING to +0 ring mail.
  1169 | D:2      | 1169 ||| DROPPING +0 leather armour.
  1170 | D:2      | 1170 ||| READING scroll labelled ZOOS AZATAASOU.
  1175 | D:2      | 1175 ||| DRINKING 3 glowing pink potions.
  1209 | D:2      | 1209 ||| DROPPING 2 potions of lignification.
  1299 | D:3      | You fall into a shaft and drop 2 floors!
  1299 | D:5      | Entered Level 5 of the Dungeon
  1391 | D:5      | Noticed a phantom
  1402 | D:5      | Killed a phantom
  1403 | D:5      | Reached skill level 8 in Ranged Weapons
  1403 | D:5      | Reached XP level 5. HP: 10/29 MP: 7/7
  1505 | D:5      | Reached skill level 9 in Ranged Weapons
  1546 | D:5      | Noticed a wyvern
  1558 | D:5      | HP: 6/30 [wyvern (8)]
  1559 | D:5      | 1559 ||| READING 2 scrolls of teleportation.
  1560 | D:5      | Slain by a wyvern

Levels and vault maps discovered:
D:1:      dpeg_arrival_rhombus, layout_rooms,
          shapermc_ecumenical_altar_totnotflames
D:2:      layout_basic, chequers_serial_rivers_room_a
D:3:      layout_loops_ring
D:5:      layout_loops_corners, mainiacjoe_overflow_six_doors_small,
          nicolae_sif_muna_condensation

Skill      XL: |  1  2  3  4  5 |
---------------+----------------+-----
Ranged Weapons | 6 7 8 9 |  9.0
Fighting       | 2 |  2.1
Dodging        | |  2.4
Stealth        | |  1.2

Action                     |  1- 3 |  4- 6 || total
---------------------------+-------+-------++-------
   Fire: Shortbow          |   102 |    51 ||   153
    Use: Scroll            |     1 |     2 ||     3
         Potion            |       |     1 ||     1
 Armour: Leather armour    |     4 |     1 ||     5
         Ring mail         |       |     9 ||     9
  Dodge: Dodged            |    17 |    15 ||    32

Table legend:
 A = Non-vault XP
 B = Vault XP
 C = Vault XP percentage of total XP
 D = Non-vault monster count
 E = Vault monster count
 F = Vault count percentage of total count
                 A         B        C        D         E       F
            +---------+---------+-------+---------+---------+-------
      Total |     332 |       0 |   0.0 |      56 |       0 |   0.0
            +---------+---------+-------+---------+---------+-------
        D:1 |      53 |       0 |   0.0 |      31 |       0 |   0.0
        D:2 |      51 |       0 |   0.0 |      18 |       0 |   0.0
        D:3 |       5 |       0 |   0.0 |       2 |       0 |   0.0
        D:5 |     223 |       0 |   0.0 |       5 |       0 |   0.0
            +---------+---------+-------+---------+---------+-------
